 Dungeon Crawl Stone Soup version 0.29.0-4-gdea44cf6ec (webtiles) character file.

Game seed: 3838115450579082406

25 qw the Chopper (level 3, -1/17 (21) HPs)
             Began as a Tengu Warper on Aug 28, 2022.
             Killed by nerve-wracking pain
             ... invoked by Jessica
              (9 damage)
             ... on level 2 of the Dungeon.
             The game lasted 00:00:08 (1929 turns).

qw the Chopper (Tengu Warper)                       Turns: 1929, Time: 00:00:08

HP:   -1/17 (21)    AC:  7    Str: 13    XL:     3   Next: 4%
MP:   7/7           EV: 11    Int: 13    God:
Gold: 15            SH:  0    Dex: 13    Spells: 6/6 levels left

rFire   + . .      SeeInvis .   Y - +0 hand axe
rCold   . . .      Faith    .   (no shield)
rNeg    . . .      Spirit   .   i - +0 ring mail
rPois   .          Reflect  .   (helmet restricted)
rElec   .          Harm     .   (no cloak)
rCorr   .          Rampage  .   k - +1 pair of gloves
Will    .....                   (boots unavailable)
Stlth   +.........              (no amulet)
HPRegen 0.05/turn               g - ring of protection from fire
MPRegen 0.10/turn               (no ring)

@: slowed, heavily drained, very slow
A: beak, talons 3
a: no special abilities


You were on level 2 of the Dungeon.
You visited 1 branch of the dungeon, and saw 2 of its levels.

You collected 15 gold pieces.


Innate Abilities, Weirdness & Mutations

You have a beak for a mouth.
You have claws for feet.


   Skills:
 - Level 2.0 Fighting
 + Level 3.8 Axes
 - Level 1.0 Throwing
 - Level 1.1 Armour
 - Level 2.1 Dodging
 - Level 2.0 Spellcasting
 - Level 2.4 Translocations


You had 6 spell levels left.
You didn't know any spells.
Your spell library contained the following spells:

 Spells                   Type           Power      Damage    Failure   Level
 Blink                    Tloc           14%        N/A       30%         2
 Gell's Gravitas          Tloc           7%         N/A       52%         3
 Lesser Beckoning         Tloc           7%         N/A       52%         3
 Teleport Other           Tloc           7%         N/A       52%         3
 Manifold Assault         Tloc           7%         N/A       99%         5

Inventory:

Hand Weapons
 e - a +0 whip
 Y - a +0 hand axe (weapon)
Armour
 c - an orb of mayhem
 i - a +0 ring mail (worn)
 k - a +1 pair of gloves (worn)
Jewellery
 d - a +6 ring of dexterity
 g - a ring of protection from fire (left hand)
Scrolls
 l - a scroll of teleportation
Potions
 a - a potion of heal wounds {unknown}
 b - a potion of curing {unknown}

Dungeon Overview and Level Annotations

Branches:
Dungeon (2/15)

Altars:
Hepliaklqana

Annotations:
D:2 Jessica


Message History

1861 ||| FLEEEEING.
1862 ||| FLEEEEING.
Jessica mumbles something strange.
Jessica mumbles some strange words.
Jessica blinks!
1863 ||| READING 2 scrolls of teleportation.
As you read the scroll of teleportation, it crumbles to dust.
You feel strangely unstable.
You closely miss Jessica. Your kick misses Jessica.
Jessica hits you but does no damage.
You closely miss Jessica. You claw Jessica.
Jessica is lightly wounded.
Your surroundings suddenly seem different.
You start resting.
Jessica is nearby!
1919 ||| FLEEEEING.
Jessica shouts!
1920 ||| FLEEEEING.
1921 ||| FLEEEEING.
Jessica gestures wildly while chanting.
Jessica blinks!
You closely miss Jessica. Your kick misses Jessica.
Jessica hits you but does no damage.
You completely miss Jessica. Jessica hits you but does no damage.
You barely miss Jessica. Your kick misses Jessica. Jessica closely misses you.
You barely miss Jessica. You claw Jessica.
Jessica is heavily wounded.
Jessica gestures wildly while chanting.
Jessica blinks!
Jessica gestures at you while chanting.
You feel yourself slow down. Jessica barely misses you. Jessica misses you.
You hit Jessica. Your kick misses Jessica.
Jessica is almost dead.
Jessica points at you and mumbles some strange words.
Pain shoots through your body!
Ouch! That really hurt!
You die...

#####.# #.#
...##'##### #.#
..........# #.#
..........# #.#
..........##########.#
................#....#
.....##.#######.<.#..#
.....##.# #.@.#..#
#....##.#
#.@.#..#######
...#.....
#...#........# .#. ...
#...##.#####.# ....
#..........#.# ##+##
#........#.#.#
##..#.#.#.#.#.#
#.......#.#.#@#
#...#...#.#.#.#
#.%.#...#.#.#.#


You could see Jessica.

Vanquished Creatures
  A dart slug (D:1)
  2 bats (D:1)
  5 goblins
  2 hobgoblins (D:2)
  2 jackals
  2 quokkas (D:1)
  A ball python (D:1)
  A kobold (D:1)
  5 rats
21 creatures vanquished.

Notes
Turn   | Place    | Note
-------+----------+-------------------------------------------
     0 | D:1      | qw the Tengu Warper began the quest for the Orb.
     0 | D:1      | Reached XP level 1. HP: 12/12 MP: 4/4
     0 | D:1      | 0 ||| qw: Version: 0.1-a-89-g26bdef1
     0 | D:1      | 0 ||| qw: Game counter: 750
     0 | D:1      | 0 ||| qw: Always use a shield: true
     0 | D:1      | 0 ||| qw: God list: Okawaru
     0 | D:1      | 0 ||| qw: Allow faded altars: false
     0 | D:1      | 0 ||| qw: Do Orc after D:15 true
     0 | D:1      | 0 ||| qw: Do second Lair branch before Depths: true
     0 | D:1      | 0 ||| qw: Lair rune preference: random
     0 | D:1      | 0 ||| qw: Plans: Normal
     0 | D:1      | 0 ||| PLANNING D:1-11
   557 | D:1      | Reached skill level 3 in Axes
   557 | D:1      | Reached XP level 2. HP: 17/17 MP: 6/6
   782 | D:1      | 782 ||| Stepping ~*~*~tactically~*~*~ (hiding).
   884 | D:1      | 884 ||| Stepping ~*~*~tactically~*~*~ (hiding).
  1576 | D:1      | 1576 ||| UPGRADING to +0 ring mail.
  1586 | D:1      | 1586 ||| DROPPING +0 leather armour.
  1587 | D:1      | 1587 ||| UPGRADING to +1 pair of gloves.
  1592 | D:1      | 1592 ||| UPGRADING to ring of protection from fire.
  1593 | D:1      | 1593 ||| READING scroll labelled UXUONI LUXA.
  1594 | D:1      | 1594 ||| READING scroll labelled ZICYL XOSYGEX.
  1595 | D:1      | 1595 ||| READING scroll labelled EBEJUW UTIDUT.
  1596 | D:1      | 1596 ||| READING scroll labelled GAR SIDUPTORYJ.
  1597 | D:1      | 1597 ||| READING 2 scrolls labelled UPPAAQ TEIBIRU.
  1601 | D:1      | 1601 ||| DROPPING scroll of blinking.
  1616 | D:2      | 1616 ||| STAIRDANCE
  1707 | D:2      | 1707 ||| Stepping ~*~*~tactically~*~*~ (stealth).
  1712 | D:2      | 1712 ||| Stepping ~*~*~tactically~*~*~ (stealth).
  1724 | D:2      | Reached XP level 3. HP: 17/17 MP: 7/7
  1733 | D:2      | Found a hazy altar of Hepliaklqana.
  1849 | D:2      | Noticed Jessica
  1849 | D:2      | HP: 3/17 [Jessica/nerve-wracking pain (14)]
  1850 | D:2      | 1850 ||| FLEEEEING.
  1854 | D:2      | 1854 ||| FLEEEEING.
  1855 | D:2      | 1855 ||| FLEEEEING.
  1859 | D:2      | 1859 ||| FLEEEEING.
  1860 | D:2      | 1860 ||| FLEEEEING.
  1861 | D:2      | 1861 ||| FLEEEEING.
  1862 | D:2      | 1862 ||| FLEEEEING.
  1863 | D:2      | 1863 ||| READING 2 scrolls of teleportation.
  1919 | D:2      | 1919 ||| FLEEEEING.
  1920 | D:2      | 1920 ||| FLEEEEING.
  1921 | D:2      | 1921 ||| FLEEEEING.
  1929 | D:2      | Killed from afar by Jessica

Levels and vault maps discovered:
D:1:      tarquinn_simple_flora_water_b, layout_loops_ring, dk_noncrumbling_2,
          kennysheep_flooded_box, chequers_garden
D:2:      layout_basic, shapermc_ecumenical_altar_acropolis, serial_shops,
          nicolae_lakefront_shop, basic_altar, uniq_jessica

Skill      XL: |  1 |
---------------+----+-----
Axes           | 3 |  3.8
Fighting       | |  2.0
Throwing       | |  1.0
Armour         | |  1.1
Dodging        | |  2.1
Spellcasting   | |  2.0
Translocations | |  2.4

Action                   || total
-------------------------++-------
Melee: Hand axe          ||    74
       Kick              ||    11
       Peck              ||     8
Throw: Boomerang         ||     7
  Use: Scroll            ||     6
Armor: Leather armour    ||    17
       Ring mail         ||     8
Dodge: Dodged            ||    43

Table legend:
 A = Non-vault XP
 B = Vault XP
 C = Vault XP percentage of total XP
 D = Non-vault monster count
 E = Vault monster count
 F = Vault count percentage of total count
                 A         B        C        D         E       F
            +---------+---------+-------+---------+---------+-------
      Total |      36 |       0 |   0.0 |      21 |       0 |   0.0
            +---------+---------+-------+---------+---------+-------
        D:1 |      28 |       0 |   0.0 |      16 |       0 |   0.0
        D:2 |       8 |       0 |   0.0 |       5 |       0 |   0.0
            +---------+---------+-------+---------+---------+-------
